Map: Mist Opportunities

Players

PointBread

  • Race: Zerg Zerg
  • Spawn Location: 6:00

KUKU

  • Race: Protoss Protoss
  • Spawn Location: 5:00

VOD

Have the link to the VOD?

Description

Time

  • Played on: Oct. 2, 2025, 9:13 a.m.
  • Length: 30:05
Show
View Real Time Build Order
Export as new Build Order

PointBread Zerg 

Build Orders:  

Get SALT Encoding   

  12  0:04  Drone  
  13  0:19  Overlord  
  13  0:24  Drone  
  14  0:45  Drone x2  
  14  0:47  Drone  
  17  1:02  Drone  
  17  1:07  Extractor  
  17  1:17  Drone  
  18  1:29  Hatchery  
  17  1:32  Drone  
  18  1:47  Drone  
  19  2:00  Spawning Pool  
  19  2:07  Drone  
  19  2:21  Drone  
  20  2:35  Lair  
  20  2:39  Drone x2  
  22  2:45  Extractor  
  22  2:47  Drone  
  22  2:50  Drone  
  23  3:00  Drone  
  23  3:02  Drone  
  25  3:15  Overlord  
  25  3:25  Drone  
  26  3:38  Drone  
  26  3:39  Drone  
  28  3:46  Drone  
  29  3:52  Drone  
  30  4:04  Hydralisk Den  
  30  4:08  Evolution Chamber  
  28  4:14  Drone x2  
  30  4:47  Drone  
  30  4:48  Drone x4  
  35  4:54  Heroic Fortitude  
  35  5:02  Ancillary Carapace  
  35  5:04  Evolution Chamber  
  35  5:05  Overlord x3  
  34  5:27  Queen  
  36  5:41  Drone  
  36  5:42  Drone  
  36  5:43  Overlord  
  36  5:45  Chain Reaction  
  38  5:52  Zerg Melee Weapons Level 1  
  38  6:06  Drone x3  
  38  6:07  Drone  
  42  6:12  Unknown  
  42  6:36  Hatchery  
  42  6:38  Extractor  
  40  6:41  Extractor, Drone  
  40  6:51  Drone x3  
  43  7:09  Zerg Missile Weapons Level 1  
  43  7:22  Metabolic Boost  
  43  7:26  Muscular Augments  
  43  7:28  Overlord  
  43  7:31  Drone  
  43  7:34  Drone  
  45  7:44  Drone x3  
  45  7:47  Zerg Ground Armor Level 1  
  45  7:48  Drone  
  49  8:11  Drone x4  
  49  8:12  Drone x2  
  49  8:16  Overlord  
  55  8:46  Hardened Carapace  
  65  8:50  Overlord  
  65  8:54  Hydralisk x5  
  65  9:32  Unknown  
  65  9:34  Zergling x2  
  65  9:35  Zergling x10  
  65  9:36  Zergling x2  
  65  9:37  Drone  
  65  9:38  Drone x4  
  65  9:39  Drone  
  68  10:14  Zergling x6  
  68  10:19  Hydralisk x4  
  77  10:20  Queen  
  77  10:22  Drone x2  
  81  10:47  Overlord x5  
  81  10:55  Zergling x7  
  81  10:56  Zergling x9  
  81  10:57  Zergling x4  
  81  10:58  Zergling x11  
  81  10:59  Zergling x2  
  81  11:00  Zergling x4, Queen  
  81  11:01  Zergling  
  81  11:02  Zergling x5  
  81  11:04  Zergling x4  
  81  11:06  Zergling, Hive  
  70  11:38  Hydralisk x4  
  70  11:39  Hydralisk x5  
  88  12:05  Zergling x4  
  88  12:06  Zergling x8  
  98  12:12  Unknown  
  98  12:14  Hydralisk x2  
  98  12:21  Ultralisk Cavern  
  98  12:29  Zergling x2  
  97  12:30  Zergling x8  
  97  12:31  Zergling x2  
  97  12:32  Zergling x3  
  97  12:33  Zergling x12  
  97  12:34  Zergling x4  
  97  12:35  Zergling  
  97  12:36  Zergling x5  
  97  12:37  Queen, Unknown  
  103  12:44  Zergling  
  103  12:45  Zergling x4  
  103  12:46  Zergling x2  
  103  12:47  Zergling  
  103  12:48  Zergling  
  103  12:49  Zergling x4  
  103  12:50  Zergling  
  103  12:52  Zergling x7  
  103  12:53  Zergling x7  
  103  12:54  Zergling x5  
  103  12:55  Zergling  
  103  12:59  Zergling x2  
  100  13:13  Unknown  
  100  13:19  Zergling  
  100  13:20  Zergling x9  
  100  13:21  Zergling x6  
  100  13:22  Zergling x5  
  98  13:34  Zergling  
  98  13:35  Zergling x3  
  98  13:36  Zergling x6, Hydralisk x3  
  98  13:37  Zergling x3, Hydralisk x5  
  98  13:38  Zergling x4  
  98  13:39  Zergling  
  110  13:40  Zergling x5  
  110  13:43  Zergling x4  
  110  13:44  Zergling x2  
  110  13:45  Zergling x2  
  109  13:50  Zerg Missile Weapons Level 2, Ability Efficiency  
  109  13:53  Shredding Claws  
  109  13:54  Frenzy  
  113  14:00  Zergling x6  
  113  14:03  Overlord x3  
  113  14:05  Hydralisk x5  
  110  14:17  Zergling  
  110  14:18  Zergling x2  
  115  14:30  Hydralisk x5  
  115  14:32  Tissue Assimilation  
  113  15:15  Chitinous Plating  
  113  15:16  Ultralisk x3  
  131  15:31  Zergling x3, Spine Crawler  
  131  15:32  Spine Crawler  
  131  15:34  Overseer  
  131  15:38  Queen  
  131  15:58  Spine Crawler  
  121  16:40  Ultralisk x2  
  121  16:48  Hydralisk x5  
  121  16:49  Hydralisk x5  
  155  16:50  Hydralisk, Zerg Missile Weapons Level 3  
  155  16:56  Zerg Ground Armor Level 2  
  155  17:00  Adrenal Overload  
  155  17:05  Burrow Charge  
  155  17:29  Unknown  
  155  17:47  Unknown  
  155  17:51  Overseer  
  155  18:01  Ultralisk  
  155  18:06  Overlord x3  
  155  18:07  Overlord x3  
  161  18:25  Unknown  
  161  18:33  Unknown  
  161  18:48  Ultralisk  
  183  18:50  Hydralisk x2  
  183  18:51  Hydralisk x5  
  183  18:52  Hydralisk  
  183  19:12  Unknown  
  183  19:13  Zerg Melee Weapons Level 2  
  183  19:16  Ultralisk  
  181  19:27  Zergling x4  
  181  19:28  Zergling x10  
  181  19:29  Zergling x4  
  190  19:41  Zergling x4  
  190  19:42  Zergling x2  
  190  19:43  Zergling  
  190  19:46  Zergling x8  
  190  19:47  Zergling x3  
  190  19:51  Queen  
  190  19:56  Zerg Ground Armor Level 3  
  192  20:08  Zergling  
  188  20:10  Zergling x2  
  188  20:11  Zergling  
  186  20:26  Zergling x3  
  186  20:27  Zergling, Hydralisk x3  
  186  20:28  Zergling, Hydralisk x3  
  186  20:29  Zergling  
  198  20:31  Zergling x2  
  198  20:32  Zergling  
  198  20:34  Zergling x2  
  198  20:46  Zergling x2  
  198  20:47  Zergling  
  198  20:48  Zergling  
  198  20:50  Zergling  
  198  20:51  Zergling  
  198  20:52  Zergling  
  198  20:54  Zergling  
  198  20:58  Zergling  
  199  21:30  Hydralisk x4  
  199  21:31  Hydralisk  
  199  21:45  Zergling  
  199  22:46  Unknown  
  199  22:51  Unknown  
  199  23:16  Unknown  
  199  23:17  Unknown  
  199  23:33  Unknown  
  199  23:35  Overseer  
  199  23:39  Unknown  
  199  23:40  Overseer x2  
  199  23:41  Overseer  
  199  24:01  Spore Crawler  
  199  24:08  Spore Crawler  
  199  24:09  Spore Crawler  
  196  24:14  Unknown  
  196  24:17  Unknown  
  196  24:23  Unknown  
  196  24:34  Spore Crawler  
  196  24:39  Spore Crawler  
  194  24:41  Spore Crawler  
  193  25:07  Spine Crawler x2  
  193  25:09  Spine Crawler  
  190  25:10  Spine Crawler  
  189  25:28  Unknown  
  189  25:32  Unknown  
  185  26:24  Ultralisk  
  185  27:01  Ultralisk x2  
  185  27:04  Ultralisk  
  183  27:49  Spine Crawler  
  182  27:51  Spine Crawler  
  182  27:52  Spine Crawler x2  
  182  27:56  Spine Crawler  
  182  27:57  Spine Crawler  
  177  28:54  Unknown  
  177  28:57  Unknown  
  177  29:00  Zergling x4, Ultralisk x2  
  177  29:01  Zergling x4, Unknown  
  177  29:07  Hydralisk  
  177  29:08  Hydralisk x2  
  199  29:32  Spine Crawler  
Show
View Real Time Build Order
Export as new Build Order

KUKU Protoss 

Build Orders:  

Get SALT Encoding   

  12  0:16  Pylon  
  12  0:22  Probe (Chrono Boost)  
  13  0:33  Probe (Chrono Boost)  
  14  0:43  Assimilator  
  14  0:44  Probe (Chrono Boost)  
  15  0:51  Assimilator  
  15  0:57  Probe (Chrono Boost)  
  16  1:08  Probe (Chrono Boost)  
  17  1:19  Probe (Chrono Boost)  
  19  1:30  Probe (Chrono Boost)  
  19  1:32  Gateway, Mothership  
  20  1:41  Probe (Chrono Boost)  
  20  1:57  Probe (Chrono Boost)  
  21  2:06  Pylon  
  21  2:09  Probe (Chrono Boost)  
  23  2:20  Probe (Chrono Boost)  
  23  2:28  Forge  
  23  2:38  Probe (Chrono Boost)  
  24  2:49  Probe (Chrono Boost)  
  26  3:00  Probe (Chrono Boost)  
  26  3:12  Probe (Chrono Boost)  
  27  3:29  Pylon  
  27  4:03  Probe (Chrono Boost)  
  28  4:21  Pylon  
  28  4:25  Pylon  
  28  4:36  Cybernetics Core  
  28  4:42  Pylon  
  28  5:14  Nexus  
  29  5:20  Probe (Chrono Boost), Assimilator  
  29  5:25  Assimilator  
  29  5:31  Probe (Chrono Boost)  
  29  5:32  Forge  
  30  5:42  Probe (Chrono Boost)  
  31  5:54  Probe (Chrono Boost), Protoss Shields Level 1  
  32  6:02  Pylon  
  32  6:09  Forge  
  32  6:18  Probe (Chrono Boost)  
  33  6:29  Probe (Chrono Boost)  
  35  6:40  Probe (Chrono Boost)  
  35  6:52  Probe (Chrono Boost)  
  36  7:02  Probe (Chrono Boost)  
  36  7:03  Probe (Chrono Boost)  
  38  7:13  Probe (Chrono Boost)  
  38  7:14  Probe (Chrono Boost)  
  40  7:24  Probe (Chrono Boost)  
  40  7:25  Probe (Chrono Boost)  
  42  7:30  Cloaking Module  
  42  7:35  Probe (Chrono Boost)  
  42  7:36  Probe (Chrono Boost)  
  44  7:46  Probe (Chrono Boost)  
  44  7:47  Probe (Chrono Boost)  
  46  8:16  Probe (Chrono Boost)  
  46  8:17  Probe (Chrono Boost)  
  48  8:27  Probe (Chrono Boost)  
  49  8:30  Bloodshard Resonance  
  49  8:41  Protoss Ground Armor Level 1, Protoss Air Armor Level 1  
  49  8:42  Protoss Ground Weapons Level 1, Protoss Air Weapons Level 1  
  49  8:47  Pylon  
  73  8:54  Pylon  
  73  9:18  Death Council  
  73  9:30  Robotics Facility  
  73  10:00  Warp Gate  
  61  11:18  Gateway  
  61  11:21  Robotics Bay  
  62  11:35  Probe (Chrono Boost)  
  74  11:45  Telekinesis, Imposing Presence  
  80  12:09  Protoss Air Armor Level 2, Protoss Ground Armor Level 2  
  80  12:10  Protoss Air Weapons Level 2, Protoss Ground Weapons Level 2  
  80  12:17  Protoss Shields Level 2  
  80  12:24  Pylon  
  80  12:40  Pylon  
  80  12:51  Detect Weakness  
  80  12:54  Havoc x2  
  87  14:50  Probe (Chrono Boost)  
  87  15:04  Havoc x2  
  89  15:40  Protoss Shields Level 3  
  89  15:41  Protoss Air Armor Level 3, Protoss Ground Armor Level 3  
  86  15:50  Pylon  
  86  16:06  Pylon  
  110  16:15  Pylon  
  107  16:57  Protoss Air Weapons Level 3, Protoss Ground Weapons Level 3  
  113  17:09  Pylon  
  113  17:10  Pylon  
  113  17:14  Havoc x2  
  118  18:04  Pylon  
  121  18:56  Havoc  
  121  18:57  Havoc  
  118  20:08  Havoc x2  
  118  20:41  Probe (Chrono Boost)  
  118  21:03  Havoc  
  118  21:04  Havoc  
  99  21:58  Pylon  
  99  22:08  Havoc x2  
  122  22:34  Pylon  
  112  24:27  Pylon  
  124  24:36  Pylon  
  124  24:43  Havoc x2  
  132  25:17  Pylon  
  132  25:26  Pylon  
  132  25:29  Pylon  
  132  25:53  Pylon  
  132  26:07  Pylon  
  132  26:49  Pylon  
  120  27:22  Pylon  
Tags
 
Add a new tag
Caveats
  • Supply blocks, unpowered buildings, or Contaminate may cause inaccurate times.
  • Supply counts are checked every 10 seconds.